 Dungeon Crawl Stone Soup version 0.28.0 (webtiles) character file.

Game seed: 1953787127943094247

305 pkoi the Conjurer (level 6, -5/45 HPs)
             Began as a Draconian Conjurer on Feb 8, 2022.
             Slain by a lemure (7 damage)
             ... led by Pikel
             ... on level 3 of the Dungeon.
             The game lasted 00:06:00 (4863 turns).

pkoi the Conjurer (Draconian Conjurer)              Turns: 4863, Time: 00:06:01

Health: -5/45      AC:  8    Str:  9    XL:     6   Next: 15%
Magic:  10/10      EV: 12    Int: 21    God:
Gold:   130        SH:  0    Dex:  9    Spells: 4/11 levels left

rFire   + . .      SeeInvis .   f - +0 dagger (venom)
rCold   + . .      Faith    .   (no shield)
rNeg    . . .      Spirit   .   (armour unavailable)
rPois   .          Reflect  .   (helmet restricted)
rElec   .          Harm     .   (no cloak)
rCorr   .          Rampage  .   k - +1 pair of gloves
Will    .....                   (no boots)
Stlth   ++........              (no amulet)
HPRegen 0.15/turn               a - ring of protection from cold
MPRegen 0.12/turn               l - ring of protection from fire

@: mighty, about to teleport
A: AC +6, unfitting armour, cold-blooded, hooves 1, subdued magic 1
a: no special abilities


You were on level 3 of the Dungeon.
You visited 1 branch of the dungeon, and saw 4 of its levels.

You collected 130 gold pieces.

Inventory:

Hand Weapons
 c - a +0 short sword
 f - a +0 dagger of venom (weapon)
 n - a +1 whip of pain
Armour
 k - a +1 pair of gloves (worn)
Magical Staves
 m - a staff of poison
Jewellery
 a - a ring of protection from cold (left hand)
 g - a ring of positive energy
 l - a ring of protection from fire (right hand)
Scrolls
 b - a scroll of enchant armour
 e - 4 scrolls of identify {unknown}
 i - a scroll of noise {unknown}
Potions
 h - a potion of might
 j - 2 potions of mutation
 o - a potion of heal wounds {unknown}


   Skills:
 - Level 1.7 Dodging
 - Level 1.7 Stealth
 - Level 3.0 Spellcasting
 + Level 7.0 Conjurations


You had 4 spell levels left.
You knew the following spells:

 Your Spells              Type           Power      Damage    Failure   Level
a - Magic Dart            Conj           100%       1d8       1%          1
b - Searing Ray           Conj           50%        2d6       1%          2
c - Iskenderun's Mystic   Conj/Tloc      13%        2d5       26%         4

Your spell library contained the following spells:

 Spells                   Type           Power      Damage    Failure   Level
 Dazzling Flash           Conj/Hex       26%        N/A       8%          3
 Fulminant Prism          Conj/Hex       6%         3d7       26%         4


Dungeon Overview and Level Annotations

Branches:
Dungeon (4/15)
 Temple: D:4-7

Altars:
Hepliaklqana
Makhleb

Annotations:
D:3 Pikel
D:4 Pargi, Robin


Innate Abilities, Weirdness & Mutations

Your plain brown scales are hard. (AC +6)
You cannot fit into any form of body armour.
You are cold-blooded and may be slowed by cold attacks.
You have large cloven feet.
Your spells are a little easier to cast, but a little less powerful.


Message History

Pikel hits you with a +2 whip of flaming!
* * * LOW HITPOINT WARNING * * *
Pikel burns you.
* * * LOW HITPOINT WARNING * * *
The ufetubus barely misses you.
The ufetubus hits you but does no damage.
You hit the ufetubus.
The ufetubus is moderately wounded.
The lemure barely misses you. x2; The ufetubus closely misses you.
The ufetubus hits you.
* * * LOW HITPOINT WARNING * * *
Pikel barely misses you.
You hit the ufetubus.
The ufetubus is heavily wounded.
The ufetubus closely misses you. The ufetubus barely misses you.
The lemure misses you. The lemure hits you.
* * * LOW HITPOINT WARNING * * *
Pikel hits you with a +2 whip of flaming.
* * * LOW HITPOINT WARNING * * *
The ufetubus hits you but does no damage.
The ufetubus barely misses you.
Unknown command.
As you read the scroll of teleportation, it crumbles to dust.
You feel strangely unstable. The lemure barely misses you. x2
The ufetubus hits you.
* * * LOW HITPOINT WARNING * * *
The ufetubus barely misses you. Pikel completely misses you.
It was a potion of mutation.
You feel extremely strange.
Your connection to magic feels subdued.
Your feet thicken and deform.
The ufetubus closely misses you. The ufetubus barely misses you.
The lemure hits you.
* * * LOW HITPOINT WARNING * * *
The lemure hits you.
* * * LOW HITPOINT WARNING * * *
Pikel misses you. The ufetubus closely misses you.
The ufetubus barely misses you.
It was a potion of might.
You feel very mighty all of a sudden. The lemure hits you!
You die...

##### #############..[#
#.........K@5...#
######.#########55...#
.......#########.....#
#####................############
.#####.###.......>..............#
.......# #.#####......#########.#
.#########.#######.<#.#########.#
## #.................##....... #
#.#.###.###.#.#....#.####.#


You could see Pikel, 2 lemures and an ufetubus (poisoned).

Vanquished Creatures
  An ice beast (D:4)
  A lemure (D:3)
  A jelly (D:4)
  A bullfrog skeleton (D:4)
  An orc wizard (D:4)
  4 adders
  2 worms (D:2)
  3 dart slugs
  7 orcs
  10 bats
  2 endoplasms
  A giant cockroach (D:4)
  8 goblins
  6 hobgoblins
  5 jackals (D:2)
  9 kobolds
  5 quokkas
  4 ball pythons
  5 frilled lizards
  4 rats
80 creatures vanquished.

Notes
Turn   | Place    | Note
-------+----------+-------------------------------------------
     0 | D:1      | pkoi the Draconian Conjurer began the quest for the Orb.
     0 | D:1      | Reached XP level 1. HP: 14/14 MP: 3/3
   214 | D:1      | Reached XP level 2. HP: 20/20 MP: 0/5
  1164 | D:1      | Found a faded altar of an unknown god.
  1493 | D:2      | Reached XP level 3. HP: 25/26 MP: 5/7
  1606 | D:2      | Learned a level 2 spell: Searing Ray
  2531 | D:3      | Found a burning altar of Makhleb.
  2786 | D:3      | Reached skill level 5 in Conjurations
  2875 | D:3      | Reached XP level 4. HP: 33/33 MP: 4/8
  3108 | D:3      | Found a hazy altar of Hepliaklqana.
  3502 | D:3      | Learned a level 4 spell: Iskenderun's Mystic Blast
  3626 | D:4      | Noticed Robin
  3823 | D:4      | Reached XP level 5. HP: 38/38 MP: 2/9
  3990 | D:4      | Reached skill level 6 in Conjurations
  4141 | D:4      | Noticed an ice beast
  4149 | D:4      | Killed an ice beast
  4150 | D:4      | Reached XP level 6. HP: 45/45 MP: 2/10
  4426 | D:4      | Reached skill level 7 in Conjurations
  4602 | D:4      | Noticed Pargi
  4641 | D:4      | Noticed Pikel
  4862 | D:3      | Gained mutation: Your spells are a little easier to cast,
                  | but a little less powerful. [potion of mutation]
  4862 | D:3      | Gained mutation: You have large cloven feet. [potion of
                  | mutation]
  4862 | D:3      | HP: 2/45 [lemure[Pikel] (3)]
  4863 | D:3      | Slain by a lemure

Illustrated notes

Levels and vault maps discovered:
D:1:      enne_arrival_octagon_isle, layout_basic, basic_ecumenical_altar
D:2:      layout_basic
D:3:      layout_loops_ring, mainiacjoe_overflow_large_starburst
D:4:      kennysheep_big_flooded_room, layout_cave_pods, serial_shops, shop,
          uniq_pargi, uniq_robin, uniq_edmund, uniq_pikel

Skill      XL: |  1  2  3  4  5  6 |
---------------+-------------------+-----
Spellcasting   | 3 |  3.0
Conjurations   | 5 6 7 |  7.0
Dodging        | |  1.7
Stealth        | |  1.7

Action                   |  1- 3 |  4- 6 || total
-------------------------+-------+-------++-------
Melee: Short sword       |    27 |       ||    27
       Tailslap          |     2 |     4 ||     6
       Whip              |     3 |    26 ||    29
       Dagger            |       |    11 ||    11
 Cast: Magic Dart        |    81 |    49 ||   130
       Searing Ray       |     4 |     9 ||    13
  Use: Scroll            |       |     5 ||     5
       Potion            |       |     2 ||     2
 Stab: Sleeping          |     1 |       ||     1
Armor: Skin              |    13 |    32 ||    45
Dodge: Dodged            |    42 |    61 ||   103
